 Dungeon Crawl Stone Soup version 0.30.1-1-g62c8e00024 (webtiles) character file.

Game seed: 146617020100527677

41402 Fodor the Basher (level 13, -15/119 HPs)
             Began as a Minotaur Fighter on July 17, 2023.
             Was an Initiate of Gozag.
             Killed from afar by a lindwurm (22 damage)
             ... with a blast of flame
             ... in a volcano on July 18, 2023.
             The game lasted 01:20:27 (15594 turns).

Fodor the Basher (Minotaur Fighter)                Turns: 15594, Time: 01:20:27

Health: -15/119    AC: 29    Str: 25    XL:     13   Next: 79%
Magic:  12/12      EV:  9    Int:  5    God:    Gozag
Gold:   1691       SH:  5    Dex: 11    Spells: 12/12 levels left

rFire   . . .        R - +2 lajatang (venom)
rCold   + . .        (shield currently unavailable)
rNeg    . . .        O - +3 plate armour {rC+}
rPois   +            E - +2 hat
rElec   .            A - +1 cloak {Will+}
rCorr   .            J - +1 pair of gloves
SInv    +            P - +1 pair of boots {Stlth+}
Will    +....        U - amulet of reflection Stlth
                     m - ring of see invisible
HPRegen 0.39/turn    g - ring of poison resistance
MPRegen 0.13/turn

%: reflection
@: mighty, studying Staves
A: horns 2, retaliatory headbutt
a: Renounce Religion, Potion Petition, Call Merchant, Bribe Branch


You were in a volcano.
You worshipped Gozag.
Gozag was most pleased with you.
You visited 2 branches of the dungeon, and saw 15 of its levels.
You also visited: Volcano.

You collected 3798 gold pieces.
You spent 1059 gold pieces at shops.
You paid 1048 gold pieces to Gozag.

Inventory:

Hand Weapons
 t - a +3 dire flail of draining
 R - a +2 lajatang of venom (weapon)
 S - the +1 shortbow "Ywu Fat" {antimagic, rPois Int-5 Dex+7}
   (You bought it in a shop on level 11 of the Dungeon)

   Int:       It affects your intelligence (-5).
   Dex:       It affects your dexterity (+7).
   rPois:     It protects you from poison.
Missiles
 j - 2 silver boomerangs (quivered)
 l - 2 throwing nets
 p - 11 poisoned darts
 w - 3 atropa-tipped darts
Armour
 c - a +0 buckler
 e - a +1 pair of boots
 A - a +1 cloak of willpower (worn)
 E - a +2 hat (worn)
 G - a +3 scale mail
 J - a +1 pair of gloves (worn)
 O - a +3 plate armour of cold resistance (worn)
 P - a +1 pair of boots of stealth (worn)
Jewellery
 g - a ring of poison resistance (right hand)
 m - a ring of see invisible (left hand)
 q - a ring of positive energy
 y - a ring of fire
 U - an amulet of reflection (around neck)
Wands
 s - a wand of flame (43)
 L - a wand of iceblast (5)
 M - a wand of charming (4)
Scrolls
 a - a scroll of silence {unknown}
 b - a scroll of teleportation
 f - a scroll of magic mapping
 h - 5 scrolls of blinking
 i - 3 scrolls of immolation
 k - 6 scrolls of fog
 n - a scroll of poison
 v - 3 scrolls of vulnerability
 z - 2 scrolls of fear
 B - 4 scrolls of amnesia
 K - a scroll of torment
Potions
 d - a potion of might
 o - 3 potions of lignification
 r - a potion of degeneration {unknown}
 u - 2 potions of mutation
 x - 4 potions of attraction
 D - a potion of magic
 F - 2 potions of ambrosia {unknown}
 I - 2 potions of haste {unknown}
 Q - a potion of flight {unknown}
 T - a potion of resistance {unknown}
Miscellaneous
 C - a piece from Xom's chessboard (15/15)
 H - a lightning rod (4/4)


   Skills:
 + Level 12.9 Fighting
 + Level 6.9 Long Blades
 + Level 14.6(16.7) Maces & Flails
 + Level 13.5(16.2) Staves
 + Level 1.6 Throwing
 + Level 14.3 Armour
 + Level 4.2 Dodging
 + Level 3.2 Stealth
 + Level 4.9 Shields


You had 12 spell levels left.
You didn't know any spells.
Your spell library contained the following spells:

 Spells                   Type           Power      Damage    Failure   Level
 Apportation              Tloc           0%         N/A       99%         1
 Necrotise                Necr           0%         1d4       99%         1
 Shock                    Conj/Air       0%         1d3       99%         1
 Summon Small Mammal      Summ           0%         N/A       99%         1
 Static Discharge         Conj/Air       0%         2-2/arc   99%         2
 Hailstorm                Conj/Ice       0%         3d3       100%        3
 Ozocubu's Armour         Ice            0%         N/A       100%        3
 Swiftness                Air            0%         N/A       100%        3
 Tukima's Dance           Hex            0%         N/A       100%        3
 Vampiric Draining        Necr           0%         2d6       100%        3
 Vhi's Electric Charge    Tloc/Air       0%         N/A       100%        3
 Airstrike                Air            0%         2d(0-16)  100%        4
 Ice Form                 Ice/Tmut       0%         N/A       100%        4
 Passage of Golubria      Tloc           0%         N/A       100%        4
 Summon Lightning Spire   Summ/Air       0%         N/A       100%        4
 Agony                    Necr           0%         N/A       100%        5
 Alistair's Intoxication  Tmut/Pois      0%         N/A       100%        5
 Arcjolt                  Conj/Air       0%         1d10      100%        5
 Metabolic Englaciation   Hex/Ice        0%         N/A       100%        5
 Yara's Violent Unravell  Hex/Tmut       0%         3d3       100%        5
 Maxwell's Capacitive Co  Air            0%         ∞         100%        8
 Simulacrum               Ice/Necr       Unusable   N/A       N/A         6

Dungeon Overview and Level Annotations

Branches:
Dungeon (11/15)            Temple (0/1) D:7            Lair (4/5) D:9
 Shoals (0/4) Lair:2       Spider (0/4) Lair:2      Volcano (1/1)
  Slime: Lair:4-5       Orc: D:9-12

Altars:
Ashenzari
Dithmenos
Elyvilon
Gozag
Hepliaklqana
Kikubaaqudgha
Makhleb
Qazlal
Sif Muna
Trog
Wu Jian
Xom
The Shining One

Shops:
D:6 [   D:11 (


Innate Abilities, Weirdness & Mutations

You have a pair of horns on your head.
You reflexively headbutt those who attack you in melee.


Message History

Unknown command.
You slice the lindwurm!!
The lindwurm looks as sick as possible!
The lindwurm is severely wounded.
You are engulfed in a cloud of scalding steam.
You slice the lindwurm!!
You kill the lindwurm!
You are engulfed in a cloud of scalding steam.
Unknown command.
The lindwurm attacks as you move away!
The lindwurm bites you but does no damage.
The lindwurm claws you but does no damage. x2
You see here 14 gold pieces.
The steam dragon breathes steam at you. The ball of steam misses you.
The lindwurm breathes flames at you. The blast of flame hits you!!
* * * LOW HITPOINT WARNING * * *
You hear a roar! x2
Unknown command.
You block the steam dragon's attack.
The steam dragon claws you but does no damage.
The lindwurm is distracted by your dazzling golden aura.
A smoke demon comes into view.
The lindwurm roars!
You barely miss the steam dragon. Your headbutt misses the steam dragon.
The steam dragon is distracted by your dazzling golden aura.
A smoke demon comes into view.
You catch the helpless steam dragon completely off-guard!
You open the steam dragon like a pillowcase!!!
You kill the steam dragon!
The lindwurm is distracted by your dazzling golden aura.
The lindwurm is no longer distracted by gold.
You see here 21 gold pieces.
The lindwurm attacks as you move away!
The lindwurm bites you but does no damage.
The lindwurm claws you but does no damage. x2
The lindwurm breathes flames at you. The blast of flame hits you!!
You die...
Your body crumbles into a pile of gold.

### # ###.§#.#.
###..§§....
###....§..≈#
##.....#≈..#..
##$.$k$@33..3..
#...k########≈.
#....## #....##
#.....# #.
#.... .....##
#... #....
.....###....
#8..8
.....#.....
#....
##.....#....
#....
#...........


You could see 2 lindwurms and 3 smoke demons.

Vanquished Creatures
  Gastronok (Lair:1)
  2 hydras
  2 two-headed ogres
  2 boulder beetles
  3 death yaks (Lair:3)
  Sonja (Lair:2)
  Amaemon (Lair:1)
  2 fire crabs
  A sixfirhy (D:7)
  The ghost of tkbsonic5 the Shooter, a novice MiHu (D:6)
  A lindwurm (Volcano)
  An ugly thing (D:11)
  A merfolk siren (Lair:2)
  A cyclops (D:11)
  15 elephants
  8 black mambas
  8 cane toads
  An orange demon (Lair:1)
  8 komodo dragons
  2 trolls (D:11)
  A polar bear (Lair:4)
  4 blink frogs (Lair:3)
  3 hornets
  2 dream sheep (Lair:3)
  Grinder (D:4)
  A vampire (D:9)
  4 wyverns
  3 wraiths
  43 yaks
  3 basilisks
  8 steam dragons
  4 vampire mosquitoes (D:10)
  Edmund (D:4)
  14 water moccasins
  2 orc warriors (D:10)
  7 black bears
  3 sky beasts
  An ice beast (D:6)
  2 centaurs
  17 wolves
  A kobold brigand (D:6)
  Blork the orc (D:4)
  9 bullfrogs
  3 scorpions
  3 wights (D:7)
  An electric eel (D:8)
  A centaur zombie (D:6)
  6 jellies
  A gnoll bouda (D:11)
  4 hounds
  3 orc priests
  Crazy Yiuf (D:6)
  An iguana (D:5)
  6 orc wizards
  3 hell rats
  8 gnolls
  2 howler monkey skeletons (D:6)
  5 adders
  11 river rats (Lair:2)
  2 shadow imps
  A howler monkey simulacrum (D:6)
  2 white imps
  An ufetubus (D:6)
  8 worms
  A dart slug (D:2)
  27 orcs
  5 endoplasms
  4 giant cockroaches
  6 goblins
  4 hobgoblins
  3 jackals (D:1)
  5 quokkas
  6 ball pythons
  4 bats
  4 frilled lizards (D:1)
  8 kobolds
  7 rats
354 creatures vanquished.

Vanquished Creatures (others)
  A steam dragon (Volcano)
  A quokka (D:4)
2 creatures vanquished.

Grand Total: 356 creatures vanquished

Notes
Turn   | Place    | Note
-------+----------+-------------------------------------------
     0 | D:1      | Fodor the Minotaur Fighter began the quest for the Orb.
     0 | D:1      | Reached XP level 1. HP: 19/19 MP: 0/0
   146 | D:1      | Reached XP level 2. HP: 19/27 MP: 1/1
   398 | D:1      | Reached XP level 3. HP: 33/33 MP: 2/2
  1976 | D:3      | Found an opulent altar of Gozag.
  1986 | D:3      | Became a worshipper of Gozag Ym Sagoz the Greedy
  2034 | D:3      | Reached XP level 4. HP: 41/41 MP: 3/3
  2225 | D:3      | Found an ornate altar of the Wu Jian Council.
  2542 | D:4      | Reached skill level 5 in Armour
  2554 | D:4      | Reached XP level 5. HP: 30/47 MP: 4/4
  2556 | D:4      | Noticed a black bear
  2571 | D:4      | Killed a black bear
  2592 | D:4      | Noticed Grinder
  2613 | D:4      | Killed Grinder
  2614 | D:4      | Reached skill level 5 in Fighting
  2614 | D:4      | Reached skill level 5 in Long Blades
  2614 | D:4      | Reached XP level 6. HP: 11/56 MP: 5/5
  2816 | D:4      | Noticed Blork the orc
  2836 | D:4      | Killed Blork the orc
  2928 | D:4      | Noticed Edmund
  2949 | D:4      | Killed Edmund
  2950 | D:4      | Reached XP level 7. HP: 19/54 MP: 6/6
  2989 | D:4      | Reached skill level 1 in Dodging
  3461 | D:4      | Found a bloodstained altar of Trog.
  3471 | D:4      | Found a white marble altar of Elyvilon.
  3604 | D:5      | Entered Level 5 of the Dungeon
  3933 | D:5      | Found a shimmering altar of Xom.
  4082 | D:5      | Reached skill level 1 in Maces & Flails
  4301 | D:5      | Reached XP level 8. HP: 65/70 MP: 7/7
  4350 | D:5      | Found a shimmering blue altar of Sif Muna.
  4881 | D:5      | Found a broken altar of Ashenzari.
  5123 | D:6      | Found a runed translucent door.
  5124 | D:6      | Noticed Crazy Yiuf
  5128 | D:6      | Killed Crazy Yiuf
  5277 | D:6      | Reached skill level 5 in Maces & Flails
  5422 | D:6      | Found a runed translucent gate.
  5422 | D:6      | Found a runed translucent gate.
  5422 | D:6      | Found a runed translucent gate.
  5427 | D:6      | Noticed tkbsonic5's ghost (novice MiHu)
  5465 | D:6      | Killed tkbsonic5's ghost
  5466 | D:6      | Reached skill level 1 in Stealth
  5471 | D:6      | Reached XP level 9. HP: 49/78 MP: 8/8
  6177 | D:7      | Found a staircase to the Ecumenical Temple.
  6201 | D:7      | Found an ancient bone altar of Kikubaaqudgha.
  6399 | D:7      | Found a stormy altar of Qazlal.
  6403 | D:7      | Found a runed translucent door.
  6405 | D:7      | Found a burning altar of Makhleb.
  6405 | D:7      | Noticed a sixfirhy
  6587 | D:7      | Found a hazy altar of Hepliaklqana.
  6734 | D:8      | Reached skill level 1 in Throwing
  6846 | D:8      | Reached skill level 10 in Maces & Flails
  7350 | D:9      | Reached XP level 10. HP: 63/88 MP: 9/9
  7963 | D:9      | Found a staircase to the Lair.
  7963 | D:9      | Noticed an elephant
  7982 | D:9      | Killed an elephant
  8140 | D:9      | Reached skill level 10 in Armour
  8326 | D:6      | Bought a +3 plate armour of cold resistance for 450 gold
                  | pieces
  8326 | D:6      | Bought a +0 pair of boots of stealth for 115 gold pieces
  8422 | D:10     | Entered Level 10 of the Dungeon
  8893 | D:10     | Reached XP level 11. HP: 86/97 MP: 10/10
  8928 | D:10     | Found a shadowy altar of Dithmenos.
  9088 | D:10     | Found a glowing golden altar of the Shining One.
  9187 | D:10     | Noticed a two-headed ogre
  9195 | D:10     | Killed a two-headed ogre
  9277 | D:11     | Reached skill level 10 in Fighting
  9874 | D:11     | Found Nibeq's Antique Weapon Boutique.
  9937 | D:11     | Noticed a purple ugly thing
  9939 | D:11     | Noticed a boulder beetle
  9946 | D:11     | Killed a purple ugly thing
  9958 | D:11     | Killed a boulder beetle
  9966 | D:11     | Bought a glowing lajatang for 342 gold pieces
  9966 | D:11     | Bought a warped shortbow for 152 gold pieces
  9966 | D:11     | Identified the +1 shortbow "Ywu Fat" {antimagic, rPois
                  | Int-5 Dex+7} (You bought it in a shop on level 11 of the
                  | Dungeon)
 10246 | D:11     | Noticed a two-headed ogre
 10255 | D:11     | Killed a two-headed ogre
 10557 | D:7      | Killed a sixfirhy
 10558 | D:7      | Reached skill level 1 in Staves
 10664 | Lair:1   | Entered Level 1 of the Lair of Beasts
 10758 | Lair:1   | Reached XP level 12. HP: 57/108 MP: 11/11
 10970 | Lair:1   | Noticed Amaemon
 10982 | Lair:1   | Killed Amaemon
 11129 | Lair:1   | Noticed Gastronok
 11170 | Lair:1   | Killed Gastronok
 11171 | Lair:1   | Reached skill level 5 in Staves
 12100 | Lair:2   | Found a hole to the Spider Nest.
 12145 | Lair:2   | Identified the +5 rapier of the Maze {venom, SInv}
 12282 | Lair:2   | Noticed Sonja
 12308 | Lair:2   | Killed Sonja
 12766 | Lair:2   | Found a staircase to the Shoals.
 12974 | Lair:3   | Noticed a death yak
 12975 | Lair:3   | Noticed a death yak
 12976 | Lair:3   | Noticed a death yak
 13343 | Lair:3   | Reached skill level 10 in Staves
 13351 | Lair:3   | Reached XP level 13. HP: 110/117 MP: 12/12
 13426 | Lair:3   | Identified the +8 giant club of the Slime-mould {drain, rC-
                  | rN+ SInv}
 15439 | Lair:4   | Found a dark tunnel.
 15449 | Volcano  | Entered a volcano
 15520 | Volcano  | Identified a scroll of acquirement
 15521 | Volcano  | Acquired a manual of Staves
 15589 | Volcano  | HP: 5/119 [lindwurm/blast of flame (21)]
 15594 | Volcano  | Killed from afar by a lindwurm

Illustrated notes

Levels and vault maps discovered:
D:1:      shiori_shiawase, layout_rooms
D:2:      layout_basic, kennysheep_generic_room_14
D:3:      layout_rooms, marbit_many_paths, nzn_wu_jian_council_hall
D:4:      layout_basic, elyvilon_altar_4, trog_ov_bears_minmay, kennysheep_nub,
          uniq_edmund, uniq_blork_the_orc, uniq_grinder
D:5:      layout_basic, mainiacjoe_overflow_alcove_2, dk_xom_monty_hall,
          tgw_sif, glass_columns_c, nicolae_wormholes
D:6:      layout_loops_ring, gammafunk_ghost_necromancy,
          hellmonk_bongcloud_opening, dk_vineyard_2, dreamdust_wishing_well,
          chequers_serial_rivers_small_b, grunt_ministairs_4,
          uniq_crazy_yiuf_cottage
D:7:      layout_cave_pools, mainiacjoe_overflow_small_starburst,
          nicolae_qazlal_general_emergency, nzn_makhleb_speed_demon,
          mainiacjoe_overflow_surrounded_room, minmay_temple_entry_slanted,
          serial_column_ruins, column_ruins_square_small, column_ruins_grid_4,
          column_ruins_grid_2, column_ruins_grid_1, column_ruins_open_tiny,
          column_ruins_open_small, hangedman_abyss_or_decor_lesser_grid
D:8:      layout_rooms, nicolae_water_bricks, grunt_decor_cap
D:9:      layout_roguey, david_lair_generic, kennysheep_donut
D:10:     layout_gridville, lemuel_doored_altar, tso_altar, serial_rivers,
          chequers_serial_rivers_micro_c, chequers_serial_rivers_micro_d,
          chequers_serial_rivers_micro_d, chequers_serial_rivers_small_b,
          chequers_serial_rivers_micro_b
D:11:     layout_gridville, serial_shops, nicolae_diamond_shop,
          dreamdust_gnoll_shepherd
Lair:1:   layout_regular_city, grunt_forest_small_clearings,
          lemuel_fruit_fields, uniq_gastronok, uniq_amaemon
Lair:2:   layout_gridlike, minmay_shoals_entry_lonely_mermaid,
          spider_nest_entry_web_field, kennysheep_rathole, uniq_sonja
Lair:3:   nzn_winding_woodlands_cross [nzn_winding_woodlands_5x15_twine,
          nzn_winding_woodlands_5x15_concentric,
          nzn_winding_woodlands_5x15_parted, nzn_winding_woodlands_5x15_cabin,
          nzn_winding_woodlands_15x15_five_gardens], layout_small_grid,
          grunt_megastairs_5
Lair:4:   layout_misc_corridors, nicolae_volcano_entry_hallway, st_stairs_8
Volcano:  hellmonk_smoking_crater

Skill      XL: |  1  2  3  4  5  6  7  8  9 10 11 12 13 |
---------------+----------------------------------------+-----
Shields        | 4 |  4.9
Fighting       | 4 5 6 8 9 10 11 12 | 12.9
Armour         | 4 5 6 8 9 10 11 13 14 | 14.3
Long Blades    | 3 5 6 |  6.9
Dodging        | 1 2 3 4 |  4.2
Maces & Flails | 2 7 10 12 14 | 14.6
Stealth        | 1 2 3 |  3.2
Throwing       | 1 |  1.6
Staves         | 3 10 13 | 13.5

Action                     |  1- 3 |  4- 6 |  7- 9 | 10-12 | 13-15 || total
---------------------------+-------+-------+-------+-------+-------++-------
  Melee: Long sword        |   102 |    96 |     4 |       |       ||   202
         Headbutt          |    16 |    29 |    44 |   105 |    61 ||   255
         Dire flail        |       |       |   212 |   222 |       ||   434
         Lajatang          |       |       |       |   256 |   223 ||   479
  Throw: Throwing net      |       |     2 |     1 |       |       ||     3
         Dart              |       |       |     2 |       |       ||     2
         Boomerang         |       |       |     3 |       |    16 ||    19
 Invoke: Call Merchant     |       |       |     1 |       |       ||     1
         Potion Petition   |       |       |       |       |     1 ||     1
    Use: Potion            |       |     2 |       |     2 |     9 ||    13
         Scroll            |       |     1 |    18 |     6 |     7 ||    32
   Stab: Distracted        |       |       |       |     4 |     2 ||     6
 Armour: Scale mail        |    19 |       |    51 |    38 |       ||   108
         Chain mail        |    51 |    44 |    75 |       |       ||   170
         Plate armour      |       |       |       |   371 |   226 ||   597
  Dodge: Dodged            |    49 |    40 |    81 |   239 |   115 ||   524
  Block: Buckler           |    32 |    25 |     1 |       |       ||    58
         Other             |       |       |       |       |    16 ||    16
